AoeStats
← LM | TornardoBriese

Arabia

505463964Analyzed
1v1 RM · 22d ago on Sep 9, 2026· 63m 37s· 2 players
Game mode
Random Map
Map size
Tiny (2 player)
Population
200
Speed
Normal
Resources
Standard
Victory
Conquest
Starting age
Dark Age
Ending age
Imperial Age
RankedLock teamsTeams togetherTeam positionsShared explorationLock speedFull tech treeHidden civsTurbo modeCheats
Victory
Defeat
🇨🇭 Magyars · Switzerland
1212
+17
🇪🇸 Magyars · Spain
1227
-17
LM | TornardoBriese
6:49 Loom
9:23 Feudal Age
10:10 Double-Bit Axe
18:47 Wheelbarrow
21:30 Castle Age
20:01 Fletching
20:18 Horse Collar
21:24 Padded Archer Armor
22:06 Bloodlines
22:21 Husbandry
23:08 Bow Saw
25:37 Bodkin Arrow
26:51 Ballistics
26:19 Town Watch
28:05 Thumb Ring
31:18 Crossbowman
32:41 Elite Skirmisher
33:53 Treadmill Crane
34:24 Heavy Plow
38:51 Imperial Age
37:40 Leather Archer Armor
37:47 Scale Barding Armor
39:32 Chain Barding Armor
39:15 Corvinian Army
39:16 Gold Mining
39:17 Stone Mining
40:53 Chemistry
40:22 Conscription
40:43 Ring Archer Armor
41:46 Two-Man Saw
41:37 Heavy Cavalry Archer
43:31 Parthian Tactics
44:29 Plate Barding Armor
43:55 Bracer
44:38 Plate Barding Armor
45:15 Gold Shaft Mining
44:54 Elite Magyar Huszar
47:00 Light Cavalry
48:09 Hussar
52:08 Recurve Bow
camposfernandezmiguel
6:59 Loom
9:14 Feudal Age
9:54 Double-Bit Axe
11:33 Horse Collar
18:43 Gold Mining
21:54 Castle Age
19:59 Fletching
20:59 Bloodlines
21:23 Scale Mail Armor
22:35 Wheelbarrow
23:22 Gold Shaft Mining
23:06 Bow Saw
24:08 Padded Archer Armor
24:22 Bodkin Arrow
25:10 Leather Archer Armor
28:40 Elite Skirmisher
32:20 Hand Cart
33:14 Stone Mining
35:02 Ballistics
38:24 Imperial Age
37:36 Thumb Ring
39:01 Heavy Plow
39:08 Bracer
39:53 Ring Archer Armor
39:38 Town Watch
40:11 Recurve Bow
40:22 Scale Barding Armor
41:21 Husbandry
42:26 Chemistry
41:41 Town Patrol
42:11 Conscription
42:31 Parthian Tactics
44:10 Heavy Cavalry Archer
44:42 Pikeman
45:57 Elite Magyar Huszar
49:18 Chain Barding Armor
48:25 Light Cavalry
51:21 Hoardings
51:19 Masonry
50:39 Halberdier
52:09 Plate Barding Armor
51:50 Chain Mail Armor
55:26 Corvinian Army
56:28 Hussar
60:00 Two-Man Saw
Connection lost

Rejoining the realm…

Still unreachable

The connection could not be restored.

Session expired

The server has moved on; the page needs a fresh start.